 Dungeon Crawl Stone Soup version 0.21.1-1-g345015f (webtiles) character file.

258 Monsterracer the Conjurer (level 5, -4/28 HPs)
             Began as a Deep Elf Wizard on May 10, 2018.
             Killed by nerve-wracking pain
             ... invoked by Grinder
              (11 damage)
             ... on level 4 of the Dungeon.
             The game lasted 00:03:27 (2991 turns).

Monsterracer the Conjurer (Deep Elf Wizard)         Turns: 2991, Time: 00:03:28

Health: -4/28      AC:  4    Str:  4    XL:     5   Next: 94%
Magic:  6/13       EV: 13    Int: 24    God:
Gold:   195        SH:  0    Dex: 13    Spells: 3/12 levels left

rFire    . . .     SeeInvis .   d - +0 trident
rCold    . . .     Gourm    .   (no shield)
rNeg     . . .     Faith    .   a - +0 robe
rPois    .         Spirit   .   q - +1 helmet
rElec    .         Reflect  .   (no cloak)
rCorr    .         Harm     .   (no gloves)
MR       .....                  (no boots)
Stlth    ++........             o - amulet of regeneration
HPRegen  0.49/turn              (no ring)
MPRegen  0.13/turn              (no ring)

@: no status effects
A: no striking features
a: no special abilities


You were on level 4 of the Dungeon.
You were very hungry.

You visited 1 branch of the dungeon, and saw 4 of its levels.

You collected 195 gold pieces.

Inventory:

Hand Weapons
 d - a +0 trident (weapon)
Armour
 a - a +0 robe (worn)
 q - a +1 helmet (worn)
 r - a cursed +0 leather armour
Jewellery
 o - an amulet of regeneration (around neck)
Scrolls
 g - a scroll of amnesia
Potions
 b - a potion of curing
 e - a potion of invisibility {unknown}
 l - a potion of brilliance
 t - a potion of lignification {unknown}
Comestibles
 c - 10 rations


   Skills:
 - Level 2.4 Dodging
 - Level 2.4 Stealth
 - Level 4.4 Spellcasting
 * Level 5.7 Conjurations
   Level 1.1 Summonings
 - Level 1.1 Translocations
 + Level 2.9 Fire Magic


You had 3 spell levels left.
You knew the following spells:

 Your Spells              Type           Power        Failure   Level  Hunger
a - Magic Dart            Conj           ####         1%          1    None
b - Conjure Flame         Conj/Fire      ####....     4%          3    ##.....
c - Mephitic Cloud        Conj/Pois/Air  ##......     13%         3    ##.....
e - Blink                 Tloc           N/A          9%          2    None


Dungeon Overview and Level Annotations

Branches:
Dungeon (4/15)
 Temple: D:4-7

Altars:
Fedhas
Gozag

Annotations:
D:4 Grinder


Message History

A leopard gecko skeleton is nearby!
Casting: Magic Dart
Confirm with . or Enter, or press ? or * to list all spells.
Aiming: Magic Dart
Press: ? - help, Shift-Dir - straight line, f - leopard gecko skeleton
Aim: a leopard gecko skeleton (hasn't noticed you)
The magic dart hits the leopard gecko skeleton.
You destroy the leopard gecko skeleton!
You now have 12/13 mp.
Casting: Magic Dart
Confirm with . or Enter, or press ? or * to list all spells.
You can't see any susceptible monsters within range! (Use Z to cast anyway.) Unknown command.
Casting: Magic Dart
Confirm with . or Enter, or press ? or * to list all spells.
You can't see any susceptible monsters within range! (Use Z to cast anyway.) Unknown command.
Casting: Magic Dart
Confirm with . or Enter, or press ? or * to list all spells.
You can't see any susceptible monsters within range! (Use Z to cast anyway.) Unknown command.
Unknown command.
Grinder comes into view.
MP restored: 13 You can't go down here!
Casting: Magic Dart
Confirm with . or Enter, or press ? or * to list all spells.
Aiming: Magic Dart
Press: ? - help, Shift-Dir - straight line, f - Grinder
Aim: Grinder (hasn't noticed you)
The magic dart hits Grinder.
Grinder is lightly wounded.
Grinder shouts!
You now have 12/13 mp.
Found an escape hatch in the floor.
Casting: Magic Dart
Confirm with . or Enter, or press ? or * to list all spells.
Aiming: Magic Dart
Press: ? - help, Shift-Dir - straight line, f/p - Grinder
Aim: Grinder (lightly wounded)
The magic dart hits Grinder.
Grinder is lightly wounded.
Grinder says, "Mostly I couldn't keep them alive."
You now have 11/13 mp.
Casting: Magic Dart
Confirm with . or Enter, or press ? or * to list all spells.
Aiming: Magic Dart
Press: ? - help, Shift-Dir - straight line, f/p - Grinder
Aim: Grinder (lightly wounded)
The magic dart hits Grinder.
Grinder is moderately wounded.
You now have 10/13 mp.
Casting: Magic Dart
Confirm with . or Enter, or press ? or * to list all spells.
Aiming: Magic Dart
Press: ? - help, Shift-Dir - straight line, f/p - Grinder
Aim: Grinder (moderately wounded)
The magic dart hits Grinder.
Grinder is moderately wounded.
Grinder hits you.
You writhe in agony.
You take 11 damage, and have 17/28 hp.
MASSIVE DAMAGE!!
You now have 9/13 mp.
Casting: Magic Dart
Confirm with . or Enter, or press ? or * to list all spells.
Aiming: Magic Dart
Press: ? - help, Shift-Dir - straight line, f/p - Grinder
Aim: Grinder (moderately wounded)
The magic dart hits Grinder.
Grinder is moderately wounded.
Grinder gestures at you. Pain shoots through your body!
* * * LOW HITPOINT WARNING * * *
You take 11 damage, and have 6/28 hp.
MASSIVE DAMAGE!!
You now have 8/13 mp.
Unknown command.
Casting: Magic Dart
Confirm with . or Enter, or press ? or * to list all spells.
Aiming: Magic Dart
Press: ? - help, Shift-Dir - straight line, f/p - Grinder
Aim: Grinder (moderately wounded)
The magic dart hits Grinder.
Grinder is heavily wounded.
Grinder barely misses you.
You now have 7/13 mp.
Casting: Magic Dart
Confirm with . or Enter, or press ? or * to list all spells.
Aiming: Magic Dart
Press: ? - help, Shift-Dir - straight line, f/p - Grinder
Aim: Grinder (heavily wounded)
The magic dart hits Grinder.
Grinder is heavily wounded.
Grinder barely misses you.
Casting: Magic Dart
Confirm with . or Enter, or press ? or * to list all spells.
Aiming: Magic Dart
Press: ? - help, Shift-Dir - straight line, f/p - Grinder
Aim: Grinder (heavily wounded)
The magic dart hits Grinder.
Grinder is severely wounded.
Grinder gestures at you. Pain shoots through your body!
You die...

*,,,,,,,*,,* *,*,****,*
*,, ,,,,,,,,,,,*
*,*,****,* **,*
*,**,****,** *,,,,,,,,*
*,,, *,,*,,,,,,*
***,,,,,,* *,,,
**,*,****#####***,,,,,,***
*,,, ,,,,,*
*,.....,**,...,..,* *,,,
**,***
*,......***,..#.#,***#*,,,
*,*
*,......###,....*,,,..,,,,
*,*
*,......5@#,#...,,,...,,,,
#<*
*,....>.#.#.#..#*,..,,,,,,
#.*
*,.....,#.#.#..##.#****,,,
##.### *,....,,#.#.......#
*,*** <...<#
**###***#.#*#..#*** *,* *
##.#.#****######.###..###
*,***
#..#.#,,,...............#
**,,,
.?...#,**####.##.##.....#
**,* #.##!#,#
#,*#........#######.#


You could see Grinder.

Vanquished Creatures
  An ogre (D:4)
  A centaur skeleton (D:4)
  A worker ant (D:4)
  4 gnolls (D:4)
  An adder (D:3)
  An ooze (D:1)
  2 worms (D:3)
  2 dart slugs (D:1)
  2 orcs (D:3)
  A giant cockroach (D:1)
  10 goblins
  4 hobgoblins
  9 jackals
  6 kobolds
  A quokka (D:3)
  A ball python (D:2)
  5 bats
  3 frilled lizards
  A jackal skeleton (D:4)
  A leopard gecko skeleton (D:4)
  4 rats
61 creatures vanquished.

Notes
Turn   | Place    | Note
-------+----------+-------------------------------------------
     0 | D:1      | Monsterracer the Deep Elf Wizard began the quest for the Orb.
     0 | D:1      | Reached XP level 1. HP: 10/10 MP: 7/7
   163 | D:1      | Reached skill level 2 in Conjurations
   252 | D:1      | Reached XP level 2. HP: 11/15 MP: 2/9
   493 | D:1      | Reached skill level 3 in Conjurations
   766 | D:1      | Reached XP level 3. HP: 19/19 MP: 2/10
   993 | D:1      | Learned a level 2 spell: Blink
   998 | D:1      | Learned a level 3 spell: Conjure Flame
  1002 | D:1      | Learned a level 3 spell: Mephitic Cloud
  1594 | D:2      | Found an opulent altar of Gozag.
  1875 | D:3      | Found a blossoming altar of Fedhas.
  2002 | D:3      | Reached skill level 1 in Fire Magic
  2057 | D:3      | Reached skill level 4 in Conjurations
  2057 | D:3      | Reached XP level 4. HP: 24/24 MP: 9/12
  2573 | D:4      | Noticed an ogre
  2593 | D:4      | Killed an ogre
  2593 | D:4      | Reached skill level 5 in Conjurations
  2593 | D:4      | Reached XP level 5. HP: 28/28 MP: 0/13
  2735 | D:4      | HP: 13/28 [worker ant (2)]
  2740 | D:4      | HP: 10/28 [poisoned by a worker ant]
  2744 | D:4      | HP: 2/28 [worker ant (8)]
  2749 | D:4      | HP: 5/28 [poisoned by a worker ant]
  2755 | D:4      | HP: 5/28 [poisoned by a worker ant]
  2761 | D:4      | HP: 6/28 [poisoned by a worker ant]
  2769 | D:4      | HP: 8/28 [poisoned by a worker ant]
  2982 | D:4      | Noticed Grinder
  2988 | D:4      | HP: 6/28 [Grinder/nerve-wracking pain (12)]
  2991 | D:4      | Killed from afar by Grinder

Skill      XL: |  1  2  3  4 |
---------------+-------------+-----
Conjurations   | 2 3 4 5 |  5.7
Fire Magic     | 1 2 |  2.9
Dodging        | |  2.4
Stealth        | |  2.4
Spellcasting   | |  4.4
Summonings     | |  1.1
Translocations | |  1.1

Action                   |  1- 3 |  4- 6 || total
-------------------------+-------+-------++-------
Melee: Spear             |     8 |       ||     8
       Trident           |       |    14 ||    14
 Cast: Magic Dart        |    89 |    56 ||   145
       Conjure Flame     |       |     2 ||     2
       Blink             |       |     1 ||     1
       Mephitic Cloud    |       |     2 ||     2
  Use: Scroll            |       |    10 ||    10
       Potion            |       |     1 ||     1
  Eat: Chunk             |     3 |     2 ||     5
Armor: Robe              |     7 |     2 ||     9
Dodge: Dodged            |    19 |    13 ||    32

Vault maps used:
D:1:      roderic_crop_circles_arrival_small, hex_large, patterned_corridor
D:2:      overflow_temple_1_default
D:3:      overflow_temple_1_default, first_ration
D:4:      uniq_ijyb, uniq_grinder, uniq_duvessa
